TOP OF THE 1ST |
Rancho Cucamonga Sick Monkeys batting - Pitching for Logan Swans : LHP Juan Parrot
|
Pitching: LHP Juan Parrot
|
|
Batting: SHB Jorge Maldonado
|
0-0: Ball 1-0: Called Strike 1-1: Ball 2-1: Foul Ball, location: 2F 2-2: Fly out, F8 (Flyball, 8RS)
|
Batting: LHB Carl Hayden
|
0-0: Fly out, F8 (Flyball, 8LS)
|
Batting: RHB Roberto Quiñones
|
0-0: DOUBLE (Flyball, 8RD)
|
Batting: SHB Keith Hale
|
0-0: Called Strike 0-1: Called Strike 0-2: Foul Ball, location: 2F 0-2: Ball 1-2: Strikes out swinging
|
Top of the 1st over - 0 run(s), 1 hit(s), 0 error(s), 1 left on base; Rancho Cucamonga 0 - Logan 0 |
BOTTOM OF THE 1ST |
Logan Swans batting - Pitching for Rancho Cucamonga Sick Monkeys : RHP Héctor Fabián
|
Pitching: RHP Héctor Fabián
|
|
Batting: RHB Joe Sulley
|
0-0: Ground out 1-3 (Groundball, 13S)
|
Batting: RHB Alfredo Salinas
|
0-0: Foul Ball, location: 2F 0-1: Ball 1-1: SINGLE (Line Drive, 89S)
|
Batting: RHB Adrián Barrera
|
0-0: Called Strike 0-1: Ball 1-1: Ball 2-1: Swinging Strike 2-2: Fly out, F4 (Popup, 4D)
|
Batting: LHB Roberto Herrera
|
0-0: Called Strike 0-1: Called Strike 0-2: Ball Alfredo Salinas is caught stealing 2nd base
|
Bottom of the 1st over - 0 run(s), 1 hit(s), 0 error(s), 0 left on base; Rancho Cucamonga 0 - Logan 0 |
TOP OF THE 2ND |
Rancho Cucamonga Sick Monkeys batting - Pitching for Logan Swans : LHP Juan Parrot
|
Batting: LHB Paul Holcomb
|
0-0: Foul Ball, location: 2F 0-1: Swinging Strike 0-2: Ball 1-2: Foul Ball, location: 2F 1-2: Ball 2-2: Foul Ball, location: 2F 2-2: Ball 3-2: Foul Ball, location: 2F 3-2: Fly out, F6 (Popup, 6D)
|
Batting: RHB Francis Land
|
0-0: Ball 1-0: Swinging Strike 1-1: Called Strike 1-2: Strikes out looking
|
Batting: LHB Sam Fuller
|
0-0: Reached on error, E5 (Groundball, 5)
|
Batting: RHB Jeremy Davis
|
0-0: Ball 1-0: Foul Ball, location: 2F 1-1: Ball 2-1: Foul Ball, location: 2F 2-2: Ball Sam Fuller steals 2nd base 3-2: Foul Ball, location: 2F 3-2: Foul Ball, location: 2F 3-2: Ground out 6-3 (Groundball, 6S)
|
Top of the 2nd over - 0 run(s), 0 hit(s), 1 error(s), 1 left on base; Rancho Cucamonga 0 - Logan 0 |
BOTTOM OF THE 2ND |
Logan Swans batting - Pitching for Rancho Cucamonga Sick Monkeys : RHP Héctor Fabián
|
Batting: LHB Roberto Herrera
|
0-0: Called Strike 0-1: Ball 1-1: Fly out, F8 (Flyball, 8RM)
|
Batting: RHB Joe Roberts
|
0-0: Ball 1-0: Called Strike 1-1: Ball 2-1: Ball 3-1: SINGLE (Groundball, 6MD)
|
Batting: RHB Lawrence Ware
|
0-0: Ball 1-0: Foul Ball, location: 2F 1-1: Ball 2-1: 2-RUN HOME RUN (Flyball, 7D), Distance : 380 ft
|
Batting: RHB Jeremy Camanho
|
0-0: SOLO HOME RUN (Flyball, 7D), Distance : 403 ft
|
Batting: RHB Nelson Wright
|
0-0: Called Strike 0-1: Ball 1-1: Called Strike 1-2: Foul Ball, location: 2F 1-2: SINGLE (Line Drive, 6)
|
Batting: RHB Júlio Ramos
|
0-0: Called Strike 0-1: Ball 1-1: Ball 2-1: Ball 3-1: SINGLE (Line Drive, 3S) Nelson Wright to second Runner from 2nd tries for 3rd, SAFE, throw made to third
|
Batting: RHB Joe Sulley
|
0-0: Called Strike 0-1: Ball 1-1: SINGLE (Line Drive, 89S) Nelson Wright scores Júlio Ramos to second
|
Batting: RHB Alfredo Salinas
|
0-0: Ball 1-0: Ball 2-0: Ball 3-0: Called Strike 3-1: Grounds into double play, 6-4-3 (Groundball, 6M)
|
Bottom of the 2nd over - 4 run(s), 6 hit(s), 0 error(s), 1 left on base; Rancho Cucamonga 0 - Logan 4 |
TOP OF THE 3RD |
Rancho Cucamonga Sick Monkeys batting - Pitching for Logan Swans : LHP Juan Parrot
|
Batting: LHB José Esparza
|
0-0: Ball 1-0: Ball 2-0: Called Strike 2-1: Ball 3-1: SINGLE (Groundball, 6MD)
|
Batting: SHB Jorge Maldonado
|
0-0: Ball 1-0: DOUBLE (Flyball, 8LM) José Esparza to third Runner from 3rd tries for Home, SAFE, no throw
|
Batting: LHB Carl Hayden
|
0-0: Ball 1-0: Ball 2-0: Swinging Strike 2-1: SINGLE (Groundball, 6D) Jorge Maldonado to third
|
Batting: RHB Roberto Quiñones
|
0-0: Ground out 4-3 (Groundball, 34) Jorge Maldonado scores Carl Hayden to second
|
Batting: SHB Keith Hale
|
0-0: DOUBLE (Line Drive, 7LM) Carl Hayden scores
|
Batting: LHB Paul Holcomb
|
0-0: Foul Ball, location: 2F 0-1: Foul Ball, location: 2F 0-2: Ball 1-2: Ground out 6-3 (Groundball, 6M) Keith Hale to third
|
Batting: RHB Francis Land
|
0-0: Called Strike 0-1: Ball 1-1: SINGLE (Groundball, 4) (infield hit) Keith Hale scores
|
Batting: LHB Sam Fuller
|
0-0: Swinging Strike 0-1: Swinging Strike 0-2: Ball 1-2: Fly out, F8 (Flyball, 8LM)
|
Top of the 3rd over - 4 run(s), 5 hit(s), 0 error(s), 1 left on base; Rancho Cucamonga 4 - Logan 4 |
BOTTOM OF THE 3RD |
Logan Swans batting - Pitching for Rancho Cucamonga Sick Monkeys : RHP Héctor Fabián
|
Batting: RHB Adrián Barrera
|
0-0: Ball 1-0: Ball 2-0: Ball 3-0: Base on Balls
|
Batting: LHB Roberto Herrera
|
0-0: Foul Ball, location: 2F 0-1: Ball Adrián Barrera steals 2nd base 1-1: Ball 2-1: Foul Ball, location: 2F 2-2: Ball 3-2: Base on Balls
|
Batting: RHB Joe Roberts
|
0-0: Reached on error, E7 (Flyball, 7) Adrián Barrera to third Roberto Herrera to second
|
Batting: RHB Lawrence Ware
|
0-0: Foul Ball, location: 2F 0-1: Ball 1-1: Ball 2-1: Fly out, F9 (Flyball, 89D) Runner from 3rd tags up, SCORES, no throw
|
Batting: RHB Jeremy Camanho
|
0-0: Swinging Strike 0-1: Grounds into double play, 1-6-3 (Groundball, 13)
|
Bottom of the 3rd over - 1 run(s), 0 hit(s), 1 error(s), 1 left on base; Rancho Cucamonga 4 - Logan 5 |
TOP OF THE 4TH |
Rancho Cucamonga Sick Monkeys batting - Pitching for Logan Swans : LHP Juan Parrot
|
Batting: RHB Jeremy Davis
|
0-0: Ball 1-0: Fly out, F8 (Flyball, 8LM)
|
Batting: LHB José Esparza
|
0-0: DOUBLE (Line Drive, 89M)
|
Batting: SHB Jorge Maldonado
|
0-0: Called Strike Throwing error on steal attempt, E2 José Esparza scores 0-1: Ball 1-1: Foul Ball, location: 2F 1-2: Ball 2-2: Strikes out swinging
|
Batting: LHB Carl Hayden
|
0-0: Ball 1-0: Ground out 4-3 (Groundball, 34)
|
Top of the 4th over - 1 run(s), 1 hit(s), 1 error(s), 0 left on base; Rancho Cucamonga 5 - Logan 5 |
BOTTOM OF THE 4TH |
Logan Swans batting - Pitching for Rancho Cucamonga Sick Monkeys : RHP Héctor Fabián
|
Batting: RHB Nelson Wright
|
0-0: Swinging Strike 0-1: Reached on error, E5 (Groundball, 5)
|
Batting: RHB Júlio Ramos
|
0-0: Called Strike 0-1: Called Strike 0-2: Fly out, F7 (Flyball, 7)
|
Batting: RHB Joe Sulley
|
0-0: Swinging Strike 0-1: Ground out 4-3 (Groundball, 4M) Nelson Wright to third
|
Batting: RHB Alfredo Salinas
|
0-0: Called Strike 0-1: Ball 1-1: Foul Ball, location: 2F 1-2: Foul Ball, location: 2F 1-2: Strikes out swinging
|
Bottom of the 4th over - 0 run(s), 0 hit(s), 1 error(s), 1 left on base; Rancho Cucamonga 5 - Logan 5 |
TOP OF THE 5TH |
Rancho Cucamonga Sick Monkeys batting - Pitching for Logan Swans : LHP Juan Parrot
|
Pitching: LHP Armando Rodríguez
|
|
Batting: RHB Roberto Quiñones
|
0-0: Ball 1-0: Ball 2-0: Ground out 1-3 (Groundball, 13)
|
Batting: SHB Keith Hale
|
0-0: Called Strike 0-1: Ball 1-1: Ball 2-1: Ground out U3 (Groundball, 34)
|
Batting: LHB Paul Holcomb
|
0-0: Foul Ball, location: 2F 0-1: SINGLE (Line Drive, 6D)
|
Batting: RHB Francis Land
|
0-0: Ball 1-0: Called Strike 1-1: Ball 2-1: Called Strike 2-2: Foul Ball, location: 2F 2-2: SINGLE (Line Drive, 8RS) Paul Holcomb to second
|
Batting: LHB Sam Fuller
|
0-0: Fly out, F8 (Flyball, 8RD)
|
Top of the 5th over - 0 run(s), 2 hit(s), 0 error(s), 2 left on base; Rancho Cucamonga 5 - Logan 5 |
BOTTOM OF THE 5TH |
Logan Swans batting - Pitching for Rancho Cucamonga Sick Monkeys : RHP Héctor Fabián
|
Batting: RHB Adrián Barrera
|
0-0: Called Strike 0-1: Ball 1-1: Ball 2-1: Ball 3-1: Swinging Strike 3-2: Base on Balls
|
Batting: LHB Roberto Herrera
|
0-0: Called Strike 0-1: Fly out, F4 (Line Drive, 4)
|
Pitching: LHP Elmer Ramírez
|
|
Batting: RHB Joe Roberts
|
0-0: Ball 1-0: Called Strike 1-1: Foul Ball, location: 2F 1-2: SINGLE (Groundball, 56D) Adrián Barrera to second
|
Batting: RHB Lawrence Ware
|
0-0: Called Strike 0-1: SINGLE (Groundball, 6MD) Adrián Barrera to third Joe Roberts to second Runner from 3rd tries for Home, throw and OUT! Joe Roberts to third Lawrence Ware to second
|
Batting: RHB Jeremy Camanho
|
0-0: Intentional Walk
|
Batting: RHB Nelson Wright
|
0-0: Called Strike 0-1: Foul Ball, location: 2F 0-2: Foul Ball, location: 2F 0-2: Fly out, F7 (Flyball, 7)
|
Bottom of the 5th over - 0 run(s), 2 hit(s), 0 error(s), 3 left on base; Rancho Cucamonga 5 - Logan 5 |
TOP OF THE 6TH |
Rancho Cucamonga Sick Monkeys batting - Pitching for Logan Swans : LHP Armando Rodríguez
|
Batting: RHB Jeremy Davis
|
0-0: Ball 1-0: SOLO HOME RUN (Flyball, 7D), Distance : 393 ft
|
Batting: LHB José Esparza
|
0-0: Called Strike 0-1: Ball 1-1: Foul Ball, location: 2F 1-2: Strikes out swinging
|
Batting: SHB Jorge Maldonado
|
0-0: Called Strike 0-1: Ball 1-1: Ball 2-1: Ground out 6-3 (Groundball, 6)
|
Batting: LHB Carl Hayden
|
0-0: SINGLE (Groundball, 56D)
|
Batting: RHB Roberto Quiñones
|
0-0: Called Strike 0-1: Fielders Choice at 2nd, 6-4 (Groundball, 6)
|
Top of the 6th over - 1 run(s), 2 hit(s), 0 error(s), 0 left on base; Rancho Cucamonga 6 - Logan 5 |
BOTTOM OF THE 6TH |
Logan Swans batting - Pitching for Rancho Cucamonga Sick Monkeys : LHP Elmer Ramírez
|
Batting: RHB Júlio Ramos
|
0-0: Called Strike 0-1: Ball 1-1: Foul Ball, location: 2F 1-2: Reached on error, E6 (Groundball, 56)
|
Batting: RHB Joe Sulley
|
0-0: Swinging Strike 0-1: Ground out 5-3 (Groundball, 56S) Júlio Ramos to second
|
Batting: RHB Alfredo Salinas
|
0-0: Called Strike 0-1: Ball 1-1: Ball 2-1: Ball 3-1: DOUBLE (Line Drive, 9LM) Júlio Ramos scores
|
Batting: RHB Adrián Barrera
|
0-0: Intentional Walk
|
Batting: LHB Roberto Herrera
|
0-0: Called Strike 0-1: Ball 1-1: Ball 2-1: Foul Ball, location: 2F 2-2: Ball 3-2: Base on Balls Alfredo Salinas to third Adrián Barrera to second
|
Batting: RHB Joe Roberts
|
0-0: Foul Ball, location: 2F 0-1: Ball 1-1: Ball 2-1: Ball 3-1: Foul Ball, location: 2F 3-2: SINGLE (Groundball, 56D) Alfredo Salinas scores Adrián Barrera to third Roberto Herrera to second Runner from 3rd tries for Home, SAFE, no throw
|
Pitching: RHP Carlos Domínguez
|
|
Batting: RHB Lawrence Ware
|
0-0: Called Strike 0-1: SINGLE (Groundball, 34D) Roberto Herrera to third Joe Roberts to second
|
Batting: RHB Jeremy Camanho
|
0-0: Grounds into fielders choice 4-2 (Groundball, 4) Joe Roberts to third Lawrence Ware to second
|
Batting: RHB Nelson Wright
|
0-0: Called Strike 0-1: Swinging Strike 0-2: Ball 1-2: Ball 2-2: Strikes out looking
|
Bottom of the 6th over - 3 run(s), 3 hit(s), 1 error(s), 3 left on base; Rancho Cucamonga 6 - Logan 8 |
TOP OF THE 7TH |
Rancho Cucamonga Sick Monkeys batting - Pitching for Logan Swans : LHP Armando Rodríguez
|
Batting: SHB Keith Hale
|
0-0: Ball 1-0: Ball 2-0: Ball 3-0: Called Strike 3-1: Base on Balls
|
Batting: LHB Paul Holcomb
|
0-0: Called Strike 0-1: Ball 1-1: Called Strike 1-2: Strikes out swinging Keith Hale is caught stealing 2nd base Batter strikes out.
|
Batting: RHB Francis Land
|
0-0: Swinging Strike 0-1: Foul Ball, location: 2F 0-2: Ground out 6-3 (Groundball, 6)
|
Top of the 7th over - 0 run(s), 0 hit(s), 0 error(s), 0 left on base; Rancho Cucamonga 6 - Logan 8 |
BOTTOM OF THE 7TH |
Logan Swans batting - Pitching for Rancho Cucamonga Sick Monkeys : RHP Carlos Domínguez
|
Batting: RHB Júlio Ramos
|
0-0: Swinging Strike 0-1: Fly out, F8 (Flyball, 8LM)
|
Batting: RHB Joe Sulley
|
0-0: Ball 1-0: Called Strike 1-1: Ball 2-1: Foul Ball, location: 2F 2-2: Fly out, F4 (Flyball, 4D)
|
Batting: RHB Alfredo Salinas
|
0-0: Ground out 4-3 (Groundball, 4)
|
Bottom of the 7th over - 0 run(s), 0 hit(s), 0 error(s), 0 left on base; Rancho Cucamonga 6 - Logan 8 |
TOP OF THE 8TH |
Rancho Cucamonga Sick Monkeys batting - Pitching for Logan Swans : LHP Armando Rodríguez
|
Batting: LHB Sam Fuller
|
0-0: Ball 1-0: Called Strike 1-1: Ground out 1-3 (Groundball, P)
|
Batting: RHB Jeremy Davis
|
0-0: Ball 1-0: Called Strike 1-1: Ball 2-1: Ball 3-1: Ground out 4-3 (Groundball, 4)
|
Batting: LHB José Esparza
|
0-0: Called Strike 0-1: Called Strike 0-2: Ball 1-2: Ball 2-2: Strikes out looking
|
Top of the 8th over - 0 run(s), 0 hit(s), 0 error(s), 0 left on base; Rancho Cucamonga 6 - Logan 8 |
BOTTOM OF THE 8TH |
Logan Swans batting - Pitching for Rancho Cucamonga Sick Monkeys : RHP Carlos Domínguez
|
Batting: RHB Adrián Barrera
|
0-0: Called Strike 0-1: Ball 1-1: Ground out 6-3 (Groundball, 6)
|
Batting: LHB Roberto Herrera
|
0-0: Called Strike 0-1: Foul Ball, location: 2F 0-2: SINGLE (Line Drive, 56D)
|
Batting: RHB Joe Roberts
|
0-0: Ball 1-0: Fly out, F1 (Line Drive, 13S) Lined into DP, 1-3 (Line Drive, 13S)
|
Bottom of the 8th over - 0 run(s), 1 hit(s), 0 error(s), 0 left on base; Rancho Cucamonga 6 - Logan 8 |
TOP OF THE 9TH |
Rancho Cucamonga Sick Monkeys batting - Pitching for Logan Swans : LHP Armando Rodríguez
|
Pitching: RHP Domingo Cruz
|
|
Batting: SHB Jorge Maldonado
|
0-0: Ball 1-0: Called Strike 1-1: Ball 2-1: Foul Ball, location: 2F 2-2: Ball 3-2: Foul Ball, location: 2F 3-2: Fly out, F7 (Flyball, 7S)
|
Batting: LHB Carl Hayden
|
0-0: Ball 1-0: Ball 2-0: Foul Ball, location: 2F 2-1: Foul Ball, location: 2F 2-2: Foul Ball, location: 2F 2-2: Ball 3-2: Foul Ball, location: 2F 3-2: Strikes out swinging
|
Batting: RHB Roberto Quiñones
|
0-0: Called Strike 0-1: Swinging Strike 0-2: Ball 1-2: Ball 2-2: Ball 3-2: Fly out, F7 (Line Drive, 7)
|
Top of the 9th over - 0 run(s), 0 hit(s), 0 error(s), 0 left on base; Rancho Cucamonga 6 - Logan 8 |
|